 Dungeon Crawl Stone Soup version 0.26.0-11-g8f856b5395 (webtiles) character file.

Game seed: 13844077520174464148

35 oldmanjim the Grasshopper (level 3, -4/21 HPs)
             Began as a Deep Elf Warper on Jan 14, 2021.
             Was a Believer of Lugonu.
             Killed by divine providence
             ... invoked by an orc priest
              (15 damage)
             ... on level 3 of the Dungeon.
             The game lasted 00:17:12 (1908 turns).

oldmanjim the Grasshopper (Deep Elf Warper)         Turns: 1908, Time: 00:17:13

Health: -4/21      AC:  4    Str:  9    XL:     3   Next: 16%
Magic:  9/9        EV: 16    Int: 17    God:    Lugonu [**....]
Gold:   135        SH:  0    Dex: 14    Spells: 8/8 levels left

rFire    . . .     SeeInvis .   b - -2 hunting sling (curse)
rCold    . . .     Faith    .   (no shield)
rNeg     . . .     Spirit   .   n - +0 leather armour
rPois    .         Reflect  .   (no helmet)
rElec    .         Harm     .   j - +0 cloak (curse)
rCorr    .         Rampage  .   (no gloves)
Will     .....                  (no boots)
Stlth    ++........             (no amulet)
HPRegen  0.07/turn              f - +4 ring of slaying
MPRegen  0.11/turn              k - +4 ring of evasion

@: no status effects
A: no striking features
a: Renounce Religion, Depart the Abyss, Bend Space


You were on level 3 of the Dungeon.
You worshipped Lugonu.
Lugonu was pleased with you.
You visited 1 branch of the dungeon, and saw 3 of its levels.

You collected 135 gold pieces.

Inventory:

Hand Weapons
 a - a +0 short sword
 b - a cursed -2 hunting sling (weapon)
Missiles
 e - 5 boomerangs of dispersal
 i - 70 stones (quivered ammo)
 l - 6 poisoned darts
Armour
 j - a cursed +0 cloak (worn)
 n - a +0 leather armour (worn)
Jewellery
 c - an uncursed ring of magical power {unknown}
 f - a +4 ring of slaying (left hand)
 k - a +4 ring of evasion (right hand)
Scrolls
 d - a scroll of blinking
Potions
 g - 3 potions of might
 h - a potion of ambrosia {unknown}
 m - a potion of attraction {unknown}


   Skills:
 - Level 2.0 Fighting
 + Level 2.4 Short Blades
 - Level 1.0 Throwing
 - Level 0.7 Armour
 + Level 2.8 Dodging
 + Level 1.4 Stealth
 - Level 3.0 Spellcasting
 + Level 3.5 Translocations
 + Level 0.3 Invocations


You had 8 spell levels left.
You didn't know any spells.
Your spell library contained the following spells:

 Spells                   Type           Power        Failure   Level
 Blink                    Tloc           N/A          9%          2
 Gell's Gravitas          Tloc           7%           17%         3
 Lesser Beckoning         Tloc           7%           17%         3
 Teleport Other           Tloc           14%          17%         3
 Passage of Golubria      Tloc           N/A          50%         4


Dungeon Overview and Level Annotations

Branches:
Dungeon (3/15)

Altars:
Qazlal
Lugonu


Message History

The orc shouts!
The stone hits the orc priest.
The orc priest is almost dead.
The orc priest casts a cantrip, but nothing happens.
You shoot a stone. The stone barely misses the orc priest.
The orc misses you.
You shoot a stone.
The stone hits the orc but does no damage.
The orc closely misses you.
You shoot a stone. The stone barely misses the orc.
The stone closely misses the orc priest.
The orc priest invokes the aid of Beogh against you.
Beogh smites you!
Ouch! That really hurt!
The orc misses you.
The orc priest looks encouraged for a moment.
You are too injured to fight recklessly!
The orc priest calls down the wrath of Beogh upon you.
Beogh smites you!
Ouch! That really hurt!
You die...

#####################
#.......o.o.o..@....#
#.#################.#
#.# #.# #.# #.#
##o###########
#.###########
......o(o....(
#...........##
##.#####....##
###########.#. #.#
..(# #.#S #.# .(#
#.#.


You could see an orc priest and 2 orcs.

Vanquished Creatures
  A worm (D:2)
  A dart slug (D:1)
  6 bats
  A giant cockroach (D:2)
  4 goblins
  4 hobgoblins
  3 frilled lizards
  5 kobolds
  A rat (D:1)
26 creatures vanquished.

Vanquished Creatures (others)
  A goblin (D:2)
1 creature vanquished.

Grand Total: 27 creatures vanquished

Notes
Turn   | Place    | Note
-------+----------+-------------------------------------------
     0 | D:1      | oldmanjim the Deep Elf Warper began the quest for the Orb.
     0 | D:1      | Reached XP level 1. HP: 12/12 MP: 6/6
   627 | D:1      | Reached XP level 2. HP: 17/17 MP: 8/8
   856 | D:1      | Reached skill level 1 in Stealth
  1099 | D:2      | Found a faded altar of an unknown god.
  1105 | D:2      | Became a worshipper of Lugonu the Unformed
  1105 | D:2      | Reached * piety under Lugonu
  1105 | D:2      | Reached ** piety under Lugonu
  1540 | D:2      | Found a stormy altar of Qazlal.
  1673 | D:2      | Reached XP level 3. HP: 21/21 MP: 9/9
  1908 | D:3      | Killed from afar by an orc priest

Illustrated notes

Levels and vault maps discovered:
D:1:      psy_arrival_basics, layout_basic
D:2:      layout_loops_ring, grunt_qazlal_clouds,
          chequers_ecumenical_altar_simple_redux, minivault_24
D:3:      layout_basic, gammafunk_ghost_nasty_kobolds, uniq_grinder

Skill      XL: |  1  2 |
---------------+-------+-----
Stealth        | 1 |  1.4
Fighting       | 2 |  2.0
Short Blades   | |  2.4
Throwing       | |  1.0
Armour         | |  0.7
Dodging        | |  2.8
Spellcasting   | |  3.0
Translocations | |  3.5
Invocations    | |  0.3

Action                   || total
-------------------------++-------
Melee: Short sword       ||    38
       Hunting sling     ||     1
 Fire: Hunting sling     ||    43
  Use: Scroll            ||     4
Armor: Leather armour    ||    17
Dodge: Dodged            ||    43
